 Dungeon Crawl Stone Soup version 0.13.1-27-ga479965 (webtiles) character file.

687 ProjectEKO the Slasher (level 7, 0/50 HPs)
             Began as a Demonspawn Death Knight on Feb 23, 2014.
             Was a Priest of Yredelemnul.
             Slain by a centaur (8 damage)
             ... on Level 4 of the Dungeon.
             The game lasted 00:09:39 (4690 turns).

ProjectEKO the Slasher (Demonspawn Death Knight)    Turns: 4690, Time: 00:09:40

HP   0/50        AC 11     Str 13 (14) XL: 7   Next:  5%
MP  12/12        EV 10     Int 14      God: Yredelemnul [***...]
Gold 150         SH  2     Dex 12      Spells:  0 memorised,  6 levels left

Res.Fire  : . . .   See Invis. : .   a - +1 falchion (curse)
Res.Cold  : . . .   Warding    : .   m - +2 leather armour {rN+}
Life Prot.: + + .   Conserve   : .   (no shield)
Res.Poison: .       Res.Corr.  : .   (helmet restricted)
Res.Elec. : .       Clarity    : .   i - +0 cloak
Sust.Abil.: . .     Spirit.Shd : .   (no gloves)
Res.Mut.  : .       Stasis     : .   l - +2 pair of boots
Res.Rott. : .       Flight     : .   (no amulet)
Saprovore : . . .                    (no ring)
                                     r - ring of positive energy

@: slightly resistant to hostile enchantments, fairly stealthy
A: horns 1, nightstalker 1, AC +2, SH +2
a: Animate Dead, Recall Undead Slaves, Injury Mirror, Renounce Religion


You were on level 4 of the Dungeon.
You worshipped Yredelemnul.
Yredelemnul was most pleased with you.
You were near starving.

You visited 1 branch of the dungeon, and saw 4 of its levels.

You collected 130 gold pieces.

Inventory:

Hand weapons
 a - a cursed +1,+1 falchion (weapon)
 h - a +0 blowgun
Missiles
 k - 18 poisoned needles
 t - 24 stones (quivered)
Armour
 i - a +0 cloak (worn)
 l - a +2 pair of boots (worn)
 m - a +2 leather armour of positive energy (worn)
 u - a +0 ring mail
Magical devices
 s - a wand of digging (6) {unknown}
Comestibles
 c - 4 bread rations
 w - a choko
Scrolls
 b - a scroll of blinking {unknown}
 d - 2 scrolls of identify
 e - a scroll of noise {unknown}
 g - a scroll of recharging {unknown}
 j - a scroll of teleportation {unknown}
 p - a scroll of enchant weapon II {unknown}
 q - 3 scrolls of remove curse {unknown}
Jewellery
 r - a ring of positive energy (left hand)
Potions
 n - a potion of speed
 o - 2 potions of restore abilities


   Skills:
 - Level 2.0 Fighting
 + Level 7.0 Long Blades
 - Level 0.8 Armour
 - Level 0.8 Dodging
 - Level 3.6 Invocations


You had 6 spell levels left.
You didn't know any spells.

Dungeon Overview and Level Annotations

Branches:
Dungeon (4/27)
 Temple: D:4-7

Altars:
Fedhas
Kikubaaqudgha
Zin
the Shining One


Innate Abilities, Weirdness & Mutations

You have a pair of small horns on your head.
You are partially covered in large bone plates (AC +2, SH +2).
You are slightly more attuned to the shadows.


Message History

The centaur unwields an uncursed glowing bow.
The centaur hits you.
* * * LOW HITPOINT WARNING * * *
Things that are here:
an orcish hand axe; 5 arrows of flame; an orcish mace; an orcish leather armour You closely miss the centaur.
You headbutt the centaur, but do no damage.
The centaur is lightly wounded.
The centaur misses you.
You hit the centaur.
The centaur is moderately wounded.
The centaur hits you.
* * * LOW HITPOINT WARNING * * *
You hit the centaur.
The centaur is moderately wounded.
The centaur hits you.
* * * LOW HITPOINT WARNING * * *
The centaur hits you!
You die...
Your body rises from the dead as a mindless zombie.

.#........#.######..#
#..... .########'#.#
#..# #.....
)...........# ....#
............# .#. ....
............# .'. ...
...######...# ..#
...#....#...######..###
...#....#........c......
...##'###.......@#
##..............(#
#.......#######(# ...
#.......# #.# ......
#.......# #.# #......
#.......# #(# #.....#
#.......# #.# ###.....#
#.......# #...........#
.........# #...........#


You could see a centaur.

Vanquished Creatures
  Menkaure (D:3)
  A phantom (D:4)
  A centaur (D:4)
  An orc priest (D:4)
  An iguana (D:3)
  A worker ant (D:3)
  6 adders
  3 worms
  An ooze (D:1)
  11 orcs
  6 giant cockroaches
  6 goblins
  12 hobgoblins
  6 kobolds
  A quokka (D:2)
  7 bats
  A giant gecko (D:1)
  2 giant newts
  5 jackals
  15 rats
88 creatures vanquished.

Vanquished Creatures (collateral kills)
  A scorpion (D:3)
  An adder (D:3)
  2 worms
  An orc (D:3)
  A giant cockroach (D:2)
  3 jackals (D:2)
  A kobold (D:2)
  A quokka (D:3)
  7 bats
  A giant newt (D:1)
  A rat (D:1)
20 creatures vanquished.

Vanquished Creatures (others)
  A worm zombie (D:4)
  A bat zombie (D:1)
  2 goblin zombies
  2 hobgoblin zombies
  A jackal zombie (D:2)
  2 kobold zombies (D:3)
  2 orc zombies (D:4)
  A rat zombie (D:3)
12 creatures vanquished.

Grand Total: 120 creatures vanquished

Notes
Turn   | Place    | Note
--------------------------------------------------------------
     0 | D:1      | ProjectEKO, the Demonspawn Death Knight, began the quest for the Orb.
     0 | D:1      | Reached XP level 1. HP: 16/16 MP: 2/2
   321 | D:1      | Gained mutation: You are slightly more attuned to the shadows. [demonic ancestry]
   321 | D:1      | Reached XP level 2. HP: 20/22 MP: 2/4
   658 | D:1      | Acquired Yredelemnul's second power
   816 | D:2      | Reached XP level 3. HP: 24/27 MP: 5/5
  1433 | D:2      | Found a glowing silver altar of Zin.
  1433 | D:2      | Noticed an angel
  1743 | D:2      | Found a blossoming altar of Fedhas.
  1820 | D:2      | Gained mutation: You have a pair of small horns on your head. [demonic ancestry]
  1820 | D:2      | Reached XP level 4. HP: 26/34 MP: 7/7
  1863 | D:2      | Found an ancient bone altar of Kikubaaqudgha.
  1933 | D:3      | Reached skill level 4 in Long Blades
  2260 | D:3      | Found a glowing golden altar of the Shining One.
  2457 | D:3      | Reached XP level 5. HP: 39/39 MP: 9/9
  2679 | D:4      | Acquired Yredelemnul's third power
  2694 | D:3      | Reached skill level 5 in Long Blades
  2708 | D:4      | Noticed a phantom
  2729 | D:4      | Noticed a centaur
  3296 | D:4      | Noticed Menkaure
  3728 | D:3      | Killed Menkaure
  3728 | D:3      | Gained mutation: You are partially covered in large bone plates (AC +2, SH +2). [demonic ancestry]
  3728 | D:3      | Reached XP level 6. HP: 24/45 MP: 10/10
  4029 | D:4      | Killed a phantom
  4029 | D:4      | Reached skill level 6 in Long Blades
  4104 | D:4      | Killed a centaur
  4201 | D:4      | Noticed a centaur
  4201 | D:4      | Paralysed by a giant eyeball for 2 turns
  4302 | D:3      | HP: 2/45 [orc/orcish mace (6)]
  4618 | D:4      | Reached skill level 7 in Long Blades
  4618 | D:4      | Reached XP level 7. HP: 35/50 MP: 9/12
  4690 | D:4      | Slain by a centaur

Action                   |  1- 3 |  4- 6 |  7- 9 || total
-------------------------+-------+-------+-------++-------
Melee: Falchion          |   136 |   242 |     3 ||   381
Invok: Animate Remains   |    12 |     8 |       ||    20
       Recall Undead Sla |       |     3 |       ||     3
       Animate Dead      |       |     7 |     1 ||     8
  Use: Potion            |     1 |     3 |       ||     4
       Scroll            |       |     1 |       ||     1
 Stab: Sleeping          |     3 |     1 |       ||     4
       Distracted        |     1 |     2 |       ||     3
